 Dungeon Crawl Stone Soup version 0.30-a0-860-g512cf1e979 (webtiles) character file.

Game seed: 2098768808631511722

2687 Jannitor the Ducker (level 9, -5/68 HPs)
             Began as a Djinni Chaos Knight on Mar 6, 2023.
             Was a Plaything of Xom.
             Killed from afar by an electric eel (8 damage)
             ... with a bolt of electricity
             ... on level 6 of the Dungeon on Mar 7, 2023.
             The game lasted 00:11:31 (5767 turns).

Jannitor the Ducker (Djinni Chaos Knight)           Turns: 5767, Time: 00:11:32

Health: -5/68      AC:  7    Str:  9 (11) XL:     9   Next: 96%
Gold:   184        EV: 18    Int: 18      God:    Xom [..*...] SH:  7 Dex: 11 (13)

rFire   + + .      SeeInvis .    f - +2 dagger (venom)
rCold   x . .      Faith    .    k - +2 buckler
rNeg    . . .      Spirit   .    b - +2 leather armour
rPois   ∞          Reflect  .    (helmet restricted)
rElec   .          Rampage  .    g - +1 cloak
rCorr   .          Rnd*Tele +    (no gloves)
Will    .....                    (boots unavailable)
Stlth   +++                      (no amulet)
HPRegen 0.31/turn                e - ring of wizardry
MPRegen 0.00/turn                p - +5 ring of evasion

@: flying, unable to read
A: sickness immunity, fire resistance 2, cold vulnerability 1, float, innate
caster, HP casting, extra vitality 1, antennae 1, teleportitis 1, subdued magic
1, inability to read after injury 1
a: Renounce Religion


You were on level 6 of the Dungeon.
You worshipped Xom.
You were a toy of Xom.
You visited 1 branch of the dungeon, and saw 6 of its levels.

You collected 184 gold pieces.

Inventory:

Hand Weapons
 a - a +0 short sword of chaos
 f - a +2 dagger of venom (weapon)
 m - a +7 club
Armour
 b - a +2 leather armour (worn)
 g - a +1 cloak (worn)
 k - a +2 buckler (worn)
Jewellery
 e - a ring of wizardry (left hand)
 p - a +5 ring of evasion (right hand)
 s - a ring of resist corrosion
 w - a +5 ring of evasion
Wands
 l - a wand of polymorph (2)
 y - a wand of light (5)
Scrolls
 h - a scroll of identify {unknown}
 n - a scroll of teleportation
Potions
 d - a potion of brilliance
 r - a potion of attraction
Miscellaneous
 c - a piece from Xom's chessboard (13/15) (quivered)


   Skills:
 + Level 7.4 Fighting
 + Level 6.6 Short Blades
 - Level 1.0 Armour
 + Level 7.6 Dodging
 + Level 5.8 Stealth
 - Level 6.1 Shields
 + Level 4.9 Spellcasting


You knew the following spells:

 Your Spells              Type           Power      Damage    Failure   Level
a - Kiss of Death         Conj/Necr      68%        2d10      1%          1
b - Scorch                Fire           34%        2d6       1%          2
c - Swiftness             Air            17%        N/A       3%          3
d - Summon Guardian Gole  Hex/Summ       17%        N/A       3%          3
Your spell library was empty.

Dungeon Overview and Level Annotations

Branches:
Dungeon (6/15)             Temple (0/1) D:6

Altars:
Fedhas
Gozag
Makhleb
Qazlal
Trog
Uskayaw
Wu Jian
Zin

Annotations:
D:2 Sigmund
D:3 1 runed translucent door, Crazy Yiuf


Innate Abilities, Weirdness & Mutations

You are immune to sickness and miasma.
You are immune to poison.
Your flesh is very heat resistant. (rF++)
You are vulnerable to cold. (rC-)
You float through the air rather than walking.
You learn spells naturally, not from books.
Your magical power is your life essence.
You have superior vitality. (+4 MHP)
You have a pair of small antennae on your head.
You are occasionally teleported next to monsters.
Your spells are a little easier to cast, but a little less powerful.
You occasionally lose the ability to read scrolls when taking damage.


Message History

An adder comes into view.
There is an open door here.
An adder is nearby!
An adder is nearby!
The helpless adder fails to defend itself.
You stick the adder like a pincushion!!!
You kill the adder!
No target in view!
Unknown command.
An electric eel comes into view.
An electric eel is nearby!
An electric eel is nearby!
An electric eel comes into view.
The electric eel shoots out a bolt of lightning at you!
The bolt of electricity misses you.
The electric eel shoots out a bolt of lightning at you!
The bolt of electricity hits you.
The electric eel shoots out a bolt of lightning at you!
The bolt of electricity misses you. The bolt of electricity hits you!
Found 4 poisoned darts.
The electric eel shoots out a bolt of lightning at you!
The bolt of electricity misses you.
The electric eel shoots out a bolt of lightning at you!
The bolt of electricity hits you! x2
The electric eel shoots out a bolt of lightning at you!
The bolt of electricity hits you!
You feel threatened and lose the ability to read scrolls!
The electric eel shoots out a bolt of lightning at you!
The bolt of electricity hits you!
* * * LOW HITPOINT WARNING * * *
The electric eel shoots out a bolt of lightning at you!
The bolt of electricity hits you!
* * * LOW HITPOINT WARNING * * *
Okay, then.
You cannot read scrolls in your current state!
Unknown command.
The electric eel shoots out a bolt of lightning at you!
The bolt of electricity hits you!
You die...
Xom cackles wildly!

###.......≈≈~≈~.≈≈≈~....,*
..#.......≈≈≈~~.~≈≈≈...,,*
..#.......~~~~~.S~S~.#****
..#..................#
..#..................#
###..................#
.................#####
.................#
................@#
...#####.........####*
...#...#.............*
...'...#.............#
...#...#.............#
...#...#.............#****
####...#.........####.,,,*
⌠###...'.........#,,*..,,*
≈≈###+##.........#,,*,,,,*


You could see 2 electric eels.

Vanquished Creatures
  A two-headed ogre (D:6)
  Eustachio (D:5)
  A water moccasin (D:6)
  2 black bears
  3 lemures
  Blork the orc (D:5)
  A bullfrog (D:4)
  A gnoll sergeant (D:4)
  3 hounds
  A jelly (D:4)
  Jessica (D:3)
  Ijyb (D:3)
  Terence (D:2)
  An iguana (D:6)
  2 orc wizards (D:5)
  14 gnolls
  12 adders
  A white imp (D:5)
  2 ufetubi (D:6)
  5 worms
  4 dart slugs
  10 orcs
  2 endoplasms (D:3)
  3 giant cockroaches
  7 goblins
  9 hobgoblins
  3 jackals (D:5)
  4 quokkas
  9 ball pythons
  2 bats
  6 frilled lizards
  10 kobolds
  5 rats
129 creatures vanquished.

Vanquished Creatures (collateral kills)
  A gnoll bouda (D:5)
  2 gnolls (D:5)
  A jackal (D:5)
4 creatures vanquished.

Vanquished Creatures (others)
  A swamp drake (D:5)
1 creature vanquished.

Grand Total: 134 creatures vanquished

Notes
Turn   | Place    | Note
-------+----------+-------------------------------------------
     0 | D:1      | Jannitor the Djinni Chaos Knight began the quest for the
                  | Orb.
     0 | D:1      | Reached XP level 1. HP: 20/20 MP: 0/0
    72 | D:1      | Reached XP level 2. HP: 25/25 MP: 0/0
   223 | D:1      | Reached XP level 3. HP: 30/30 MP: 0/0
   223 | D:1      | Learned a level 1 spell: Kiss of Death
   296 | D:1      | a hobgoblin changed into a shapeshifter
   296 | D:1      | Noticed a shapeshifter (shapeshifter)
   296 | D:1      | a shapeshifter changed into a tarantella
   296 | D:1      | Noticed a tarantella (shapeshifter)
   299 | D:1      | XOM: potion effect (curing)
   304 | D:1      | a tarantella changed into a shapeshifter
   304 | D:1      | Noticed a shapeshifter (shapeshifter)
   304 | D:1      | XOM: polymorph tarantella -> shapeshifter
   304 | D:1      | a shapeshifter changed into a human
   304 | D:1      | Noticed a human (shapeshifter)
   310 | D:1      | XOM: swap monsters
   320 | D:1      | XOM: summons friendly crimson imp
   324 | D:1      | XOM: noise
   326 | D:1      | XOM: cast spell 'Summon Cactus Giant'
   426 | D:2      | Reached skill level 1 in Stealth
   443 | D:2      | Noticed Terence
   454 | D:2      | XOM: confuse monster(s)
   458 | D:2      | Killed Terence
   459 | D:2      | Reached XP level 4. HP: 31/35 MP: 0/0
   467 | D:2      | Reached skill level 1 in Spellcasting
   482 | D:2      | XOM: confusion (+ monsters)
   672 | D:2      | Reached XP level 5. HP: 26/40 MP: 0/0
   672 | D:2      | Learned a level 2 spell: Scorch
   777 | D:2      | Noticed Sigmund
   780 | D:2      | a hobgoblin changed into a glowing shapeshifter
   780 | D:2      | Noticed a glowing shapeshifter (glowing shapeshifter)
   780 | D:2      | a glowing shapeshifter changed into a death drake
   780 | D:2      | Noticed a death drake (glowing shapeshifter)
   783 | D:2      | a death drake changed into a merfolk
   783 | D:2      | Noticed a merfolk (glowing shapeshifter)
   786 | D:2      | a merfolk changed into a shock serpent
   786 | D:2      | Noticed a shock serpent (glowing shapeshifter)
   787 | D:2      | XOM: confuse monster(s)
   855 | D:2      | Noticed a moth of wrath
   859 | D:2      | a moth of wrath changed into a shining eye
   859 | D:2      | Noticed a shining eye (glowing shapeshifter)
   861 | D:2      | XOM: enchant monster (good)
   863 | D:2      | a shining eye changed into a moth of wrath
   863 | D:2      | Noticed a moth of wrath (glowing shapeshifter)
   881 | D:1      | Noticed a polar bear
   960 | D:2      | XOM: silly message
  1125 | D:3      | XOM: divination: magic mapping
  1130 | D:3      | XOM: divination: detect creatures
  1169 | D:3      | XOM: cloud trail
  1260 | D:3      | XOM: silly message
  1327 | D:3      | XOM: silly message
  1445 | D:3      | Noticed Ijyb
  1452 | D:3      | Killed Ijyb
  1509 | D:3      | XOM: silly message
  1526 | D:3      | XOM: divination: magic mapping
  1557 | D:3      | Found a runed translucent door.
  1558 | D:3      | Noticed Crazy Yiuf
  1618 | D:3      | XOM: butterfly on damage
  1620 | D:3      | XOM: silly message
  1623 | D:3      | Reached XP level 6. HP: 25/43 MP: 0/0
  1690 | D:3      | Noticed Jessica
  1700 | D:3      | Killed Jessica
  1769 | D:3      | Found a glowing silver altar of Zin.
  1769 | D:3      | Noticed an angel
  2087 | D:3      | XOM: scenery: 1 doors close
  2268 | D:4      | Noticed a black bear
  2274 | D:4      | XOM: silly message
  2283 | D:4      | Killed a black bear
  2284 | D:4      | Reached skill level 1 in Shields
  2299 | D:4      | XOM: divination: magic mapping
  2309 | D:4      | XOM: cast spell 'Olgreb's Toxic Radiance'
  2315 | D:4      | XOM: silly message
  2514 | D:4      | XOM: noise
  2547 | D:4      | Reached XP level 7. HP: 10/46 MP: 0/0
  2547 | D:4      | Learned a level 3 spell: Swiftness
  2711 | D:4      | XOM: divination: detect items
  2757 | D:4      | XOM: 1-stop teleportation journey
  2762 | D:4      | XOM: noise
  2841 | D:4      | Found a hide-covered altar of Uskayaw.
  2848 | D:4      | Found an opulent altar of Gozag.
  2848 | D:4      | Found a bloodstained altar of Trog.
  2880 | D:4      | XOM: silly message
  3200 | D:4      | Found an ornate altar of the Wu Jian Council.
  3282 | D:5      | Entered Level 5 of the Dungeon
  3315 | D:5      | XOM: silly message
  3388 | D:5      | Noticed Pikel
  3532 | D:5      | Noticed Blork the orc
  3760 | D:5      | Killed Blork the orc
  3809 | D:5      | XOM: give mutation
  3809 | D:5      | Gained mutation: You have a pair of small antennae on your
                  | head. [Xom's grace]
  3825 | D:5      | XOM: potion effect (haste)
  3852 | D:5      | XOM: summons friendly white imp
  4015 | D:5      | Reached XP level 8. HP: 38/58 MP: 0/0
  4105 | D:5      | XOM: potion effect (experience)
  4105 | D:5      | Reached skill level 5 in Stealth
  4105 | D:5      | Reached skill level 5 in Shields
  4105 | D:5      | Reached XP level 9. HP: 62/68 MP: 0/0
  4105 | D:5      | Learned a level 3 spell: Summon Guardian Golem
  4215 | D:5      | Noticed Eustachio
  4261 | D:5      | Killed Eustachio
  4399 | D:5      | XOM: silly message
  4485 | D:5      | XOM: silly message
  4507 | D:5      | Found a stormy altar of Qazlal.
  4517 | D:5      | XOM: divination: magic mapping
  4523 | D:5      | Pikel changed into Pikel the tengu
  4523 | D:5      | Noticed Pikel
  4524 | D:5      | Pikel the tengu changed into Pikel the swamp drake
  4524 | D:5      | Noticed Pikel
  4525 | D:5      | Upgraded the game from 0.30-a0-859-gf88a04b62d to
                  | 0.30-a0-860-g512cf1e979
  4537 | D:5      | Killed Pikel the swamp drake
  4685 | D:5      | XOM: give mutations
  4685 | D:5      | Gained mutation: You occasionally lose the ability to read
                  | scrolls when taking damage. [Xom's mischief]
  4685 | D:5      | Gained mutation: You are occasionally teleported next to
                  | monsters. [Xom's mischief]
  4714 | D:5      | XOM: summons 3 hostile shadow creatures
  5020 | D:5      | XOM: give mutation
  5020 | D:5      | Gained mutation: Your spells are a little easier to cast,
                  | but a little less powerful. [Xom's mischief]
  5208 | D:6      | Found a staircase to the Ecumenical Temple.
  5324 | D:6      | XOM: 2-stop teleportation journey
  5375 | D:6      | Found a burning altar of Makhleb.
  5384 | D:6      | Noticed a two-headed ogre
  5409 | D:6      | Killed a two-headed ogre
  5440 | D:6      | XOM: give mutation
  5441 | D:6      | XOM: noise
  5561 | D:6      | Found a blossoming altar of Fedhas.
  5766 | D:6      | HP: 2/68 [electric eel/bolt of electricity (9)]
  5767 | D:6      | Killed from afar by an electric eel

Illustrated notes

Levels and vault maps discovered:
D:1:      minmay_arrival_four_houses, layout_loops_ring
D:2:      layout_rooms, minmay_rat_hole, uniq_sigmund, uniq_terence
D:3:      layout_basic, zin_angel, uniq_jessica, uniq_crazy_yiuf_cottage,
          uniq_ijyb
D:4:      layout_loops_ring, mainiacjoe_overflow_six_doors_small, minitemple,
          minmay_manual_moon
D:5:      layout_cave_pods, nicolae_qazlal_eye_of_the_storm, uniq_blork_the_orc,
          uniq_eustachio, uniq_pikel
D:6:      layout_gridville, fedhas_altar_fruit_tree, lightli_temple_of_fire,
          minmay_temple_entry_grid, minivault_14

Skill      XL: |  1  2  3  4  5  6  7  8  9 |
---------------+----------------------------+-----
Short Blades   | 3 4 6 |  6.6
Stealth        | 1 2 5 |  5.8
Spellcasting   | 1 2 4 |  4.9
Dodging        | 3 4 7 |  7.6
Fighting       | 4 7 |  7.4
Shields        | 1 2 5 6 |  6.1
Armour         | |  1.0

Action                     |  1- 3 |  4- 6 |  7- 9 || total
---------------------------+-------+-------+-------++-------
  Melee: Short sword       |   100 |    48 |       ||   148
         Punch             |     1 |       |       ||     1
         Dagger            |       |   133 |   196 ||   329
   Cast: Scorch            |       |     4 |    71 ||    75
         Kiss of Death     |       |     2 |       ||     2
  Evoke: Piece from Xom's  |       |       |     5 ||     5
         Wand              |       |       |     2 ||     2
    Use: Potion            |     1 |       |     6 ||     7
         Scroll            |       |     3 |     5 ||     8
   Stab: Confused          |     1 |     2 |       ||     3
         Petrifying        |     1 |       |       ||     1
         Sleeping          |       |     1 |     3 ||     4
 Armour: Leather armour    |    30 |    44 |    45 ||   119
  Dodge: Dodged            |    56 |   104 |   178 ||   338
  Block: Buckler           |       |    11 |    71 ||    82

Table legend: (Time is in decaauts)
 A = Elapsed time spent in this place.
 B = Non-inter-level travel time spent in this place.
 C = Inter-level travel time spent in this place.
 D = Time resting spent in this place.
 E = Time spent auto-exploring this place.
 F = Levels seen in this place.
 G = Mean time per level.
                   A        B        C        D        E       F      G
               +--------+--------+--------+--------+--------+-----+--------+
         Total |   5662 |   5544 |    118 |    952 |   3198 |   6 |  943.7 |
       Dungeon |   5662 |   5544 |    118 |    952 |   3198 |   6 |  943.7 |
               +--------+--------+--------+--------+--------+-----+--------+

Top non-repeatable levels by time:
     D:5: 1517 daAuts
     D:3: 1353 daAuts
     D:4: 1161 daAuts
     D:6: 669 daAuts
     D:2: 527 daAuts
     D:1: 432 daAuts
